 BcadrenCrawl: Boulder Brew version 0.06-249-g3c0b566573 (webtiles) character file.

Game seed: 12001046153296809246, levelgen mode: deterministic

2546 gruber the Geomancer (level 9, 0/45 HPs) Deep Elf Earth Elementalist. Began on Aug 17, 2022. Slain by a human ... wielding a +0 long sword (6 damage) ... on level 4 of the Dungeon. The game lasted 00:14:07 (3860 turns).

gruber the Geomancer (Deep Elf Earth Elementalist)  Turns: 3860, Time: 00:14:08

Health: 0/45       AC: 11    Str:  5    XL:     9 ^: 1890
Magic:  3/23       EV: 12    Int: 24    God:
Gold:   239        SH:  3    Dex: 15    Spells: 11/24 levels left

rFire    . . .     Slash    x   g - +1 buckler {AC+3}
rCold    . . .     Pierce   .   m - +2 dagger (freeze)
rNeg     + . .     Bludgeon .   q - +1 leather armour {rN+}
rCorr    . . .     Vision   .   (helmet restricted)
rPois    +         Gourm    .   u - +0 cloak
rElec    .         Faith    .   (no gloves)
MR       .....     Spirit   .   l - +2 pair of boots
HPRegen  0.25/turn Reflect  .   (no amulet)
MPRegen  0.33/turn Harm     .   f - ring of wizardry
Stlth    ++........             h - ring of poison resistance

@: no status effects
A: beak, soft flesh
a: no special abilities


You were on level 4 of the Dungeon.
You were not hungry.

You visited 2 branches of the dungeon, and saw 5 of its levels.

You collected 239 gold pieces.

Inventory:

Weapons
 m - a +2 dagger of freezing (weapon) Shields
 g - a +1 buckler of protection (shield)
Armour
 l - a +2 pair of boots (worn)
 q - a +1 leather armour of positive energy (worn)
 u - a +0 cloak (worn)
Jewellery
 d - an uncursed ring of fire
 f - a ring of wizardry (left hand)
 h - a ring of poison resistance (right hand)
 o - an uncursed ring of dexterity
 s - a cursed ring of ice {(Curse: *Tele)}
 t - an uncursed amulet of harm
 v - an uncursed ring of fire
 w - an uncursed ring of strength
Wands
 b - a wand of polymorph (2)
Scrolls
 a - 3 scrolls of enchantment
 e - 2 scrolls of fog
 i - a scroll of magic mapping
 k - 3 scrolls of teleportation
 p - a scroll of blinking
Potions
 j - a potion of heal wounds
 n - a potion of curing
 r - a potion of cancellation
Comestibles
 c - 6 rations


   Skills:
 - Level 4.0 Armour
 - Level 2.4 Dodging
 - Level 2.4 Stealth
 - Level 4.0 Shields
 * Level 8.2 Spellcasting
 - Level 1.1 Transmutations
 - Level 10.0 Earth Magic


You had 11 spell levels left.
You knew the following spells:

 Your Spells              Type           Power        Failure   Level  Hunger
a - Sandblast             Erth           50 (50)      1%          1    0
b - Stone Arrow           Erth           50 (50)      1%          3    0
c - Petrify Tmut/Erth 36 (100) 3% 4 2-102 d - Lee's Rapid Deconstr Erth           55 (200)     1%          5    122-282

Your spell library contained the following spells:

 Spells                   Type           Power        Failure   Level  Hunger
 Passwall                 Tmut/Erth      36 (120)     1%          2    0
 Methodical Deconstructi  Erth           55 (200)     1%          5    122-282


Dungeon Overview and Level Annotations

Branches:
Dungeon (4/8)              Temple (1/1) D:4

Altars:
Ashenzari
Elyvilon
Gozag Ym Sagoz
Hepliaklqana
Kikubaaqudgha
Makhleb
Okawaru
Qazlal
Sif Muna
Uskayaw
Xom
Yredelemnul
Zin
The Shining One

Annotations:
D:3 3 runed translucent doors, namelastname112's ghost, novice DrTm


Innate Abilities, Weirdness & Mutations

Your soft flesh is weak to deep cuts.
Heavy manmade armour will nullify this weakness. (rSlashing-)
You have a beak for a mouth.


Message History

* * * LOW HITPOINT WARNING * * *
Unknown command.
Casting: Sandblast (safe; 1% risk of failure)
Confirm with . or Enter, or press ? or * to list all spells.
Aiming: Stone Arrow (safe; 1% risk of failure)
Press: ? - help, Shift-Dir - straight line, f - human
Aim: a human, wielding a +0 long sword and wearing a +0 ring mail (88% to-hit, heavily wounded (17/38), 83% (Melee))
The stone arrow hits the human (5).
The human is severely wounded. (12/38) HP Unknown command.
Unknown command.
Casting: Stone Arrow (safe; 1% risk of failure)
Confirm with . or Enter, or press ? or * to list all spells.
Aiming: Stone Arrow (safe; 1% risk of failure)
Press: ? - help, Shift-Dir - straight line, f/p - human
Aim: a human, wielding a +0 long sword and wearing a +0 ring mail (88% to-hit, severely wounded (12/38), 83% (Melee))
The stone arrow hits the human (11)!
The human is almost dead. (1/38) HP The human hits you with a +0 long sword (6).
You are lacerated severely!
You die...

.....#...##..
.#..........# .
##...####..# ##. ####
#..# #.. #..# #.# #
#..# #.# .# #####..#
#.###..#.. #.......
#.@p.._#..##.......
#.###..#...........
###.# .#...........
#...######...........
###................##
#####............#
#............#
#............#
#............##


You could see a human.

Vanquished Creatures
  A human (D:4)
  A water moccasin (D:2)
  A porcupine (D:4)
  An ice beast (D:3)
  A sky beast (D:4)
  4 ogres (D:3)
  6 big kobolds (D:2)
  2 howler monkeys (D:3)
  2 hounds
  8 jellies (D:2)
  2 orc wizards (D:3)
  2 wyvern skeletons (D:4)
  10 giant cockroaches
  6 adders
  57 sewer rats
  11 cinder newts
  2 worms (D:2)
  5 oozes
  A dart slug (D:1)
  6 leopard geckos
  9 orcs (D:3)
  5 adder skeletons
  2 ball pythons
  5 goblins (D:1)
  9 hobgoblins (D:1)
  7 jackals (D:3)
  2 quokkas
  7 bats
  A bat skeleton (D:2)
  A goblin skeleton (D:2)
  12 kobolds
  3 rats (D:1)
  A rat skeleton (D:2)
  3 slaves (D:4)
  A withered plant (D:2)
197 creatures vanquished.

Vanquished Creatures (others)
  A jelly (D:2)
  2 giant cockroaches (D:2)
  4 sewer rats (D:2)
  A leopard gecko (D:2)
  2 ball pythons (D:2)
  11 kobolds (D:2)
  7 giant blowflies (D:2)
  3 slimeheads (D:2)
  135 withered plants (D:2)
166 creatures vanquished.

Grand Total: 363 creatures vanquished

Notes
Turn   | Place    | Note
-------+----------+-------------------------------------------
     0 | D:1      | gruber the Deep Elf Earth Elementalist began the quest for
                  | the Orb.
     0 | D:1      | Reached XP level 1. HP: 10/10 MP: 6/6
    66 | D:1      | Reached XP level 2. HP: 15/15 MP: 3/9
   245 | D:1      | Reached skill level 5 in Spellcasting
   245 | D:1      | Reached XP level 3. HP: 19/19 MP: 8/11
   504 | D:1      | Reached XP level 4. HP: 24/24 MP: 11/13
   637 | D:1      | Reached skill level 1 in Shields
   727 | D:2      | Reached XP level 5. HP: 27/28 MP: 10/15
   732 | D:2      | Learned a level 3 spell: Stone Arrow
   737 | D:2      | Learned a level 4 spell: Petrify
   743 | D:2      | Learned a level 5 spell: Lee's Rapid Deconstruction
   986 | D:2      | Reached XP level 6. HP: 32/32 MP: 14/17
  1093 | D:2      | Reached skill level 4 in Earth Magic
  1156 | D:2      | Reached skill level 5 in Earth Magic
  1182 | D:2      | Reached XP level 7. HP: 36/36 MP: 4/18
  1276 | D:2      | Gained mutation: You have a beak for a mouth. [potion of
                  | mutation]
  1316 | D:2      | Reached skill level 6 in Earth Magic
  1612 | D:2      | Reached skill level 7 in Earth Magic
  1791 | D:2      | Reached skill level 8 in Earth Magic
  1791 | D:2      | Reached XP level 8. HP: 41/41 MP: 15/19
  1962 | D:2      | Reached skill level 9 in Earth Magic
  2048 | D:2      | Found a glowing golden altar of the Shining One.
  2421 | D:3      | Reached skill level 10 in Earth Magic
  2519 | D:3      | Reached skill level 1 in Armour
  2574 | D:3      | Noticed namelastname112's ghost (novice DrTm)
  2576 | D:3      | Found an opulent altar of Gozag.
  2588 | D:3      | Found a runed translucent gate.
  2588 | D:3      | Found a runed translucent gate.
  2588 | D:3      | Found a runed translucent gate.
  2866 | D:3      | Reached XP level 9. HP: 45/45 MP: 15/20
  3374 | D:4      | Found a staircase to the Ecumenical Temple.
  3393 | Temple   | Entered the Ecumenical Temple
  3847 | D:4      | Found an iron altar of Okawaru.
  3860 | D:4      | Slain by a human

Levels and vault maps discovered:
D:1:      roderic_octagonal_star, layout_basic, first_ration
D:2:      layout_sewer, lemuel_doored_altar
D:3:      layout_basic, ebering_ghost_gozag
D:4:      layout_irregular_city, minmay_temple_entry_mini_moons, grunt_pizzeria,
          okawaru_humans, uniq_pikel, uniq_erica
Temple:   hc_temple_tempest_star

Skill      XL: |  1  2  3  4  5  6  7  8  9 |
---------------+----------------------------+-----
Spellcasting   | 4 5 6 8 |  8.2
Shields        | 2 3 4 |  4.0
Earth Magic    | 5 8 10 | 10.0
Armour         | 3 4 |  4.0
Dodging        | |  2.4
Stealth        | |  2.4
Transmutations | |  1.1

Action                   |  1- 3 |  4- 6 |  7- 9 || total
-------------------------+-------+-------+-------++-------
Melee: Unarmed           |     6 |       |       ||     6
       Dagger            |       |     4 |    12 ||    16
 Cast: Sandblast         |    33 |    99 |   165 ||   297
       Stone Arrow       |       |     4 |    61 ||    65
       Lee's Rapid Decon |       |       |     2 ||     2
  Use: Potion            |       |       |     1 ||     1
  Eat: Chunk             |       |       |     8 ||     8
       Ration            |       |       |     1 ||     1
Armor: Robe              |     3 |    22 |    26 ||    51
       Leather armour    |       |       |     7 ||     7
Dodge: Dodged            |     5 |    31 |    25 ||    61
Block: Buckler           |       |     5 |     8 ||    13
